cohdb
Replays
Latest Replays
All Replays
Popular Replays
Top Player Replays
Match Explorer
How It Works
Community
CoH3 Stats
Reddit
Sign in to upload your games and track your stats! →
Sign in with Steam
replay1
Match 19220232
Overview
Messages
Build Orders
End
Construct Barracks
Selects Armored Battlegroup
Selects Veteran Crews
Selects Fast Deploy
1⁄4-ton 4x4 Truck
1⁄4-ton 4x4 Truck
1⁄4-ton 4x4 Truck
Mechanized Support Center
Riflemen Squad
Construct Motor Pool
Engineer Squad
Engineer Squad
M8 Greyhound Armored Car
M8 Greyhound Armored Car
豪师傅
空降猎女马人
็็็็็็็็็็
阿根廷的荔枝
我小叮当今晚要搞事!
trump
cui
喜之郎
0
0
Comments
sign in to comment!
No comments posted yet!